 Dungeon Crawl Stone Soup version 0.26-b1-32-g5d43845318 (webtiles) character file.

Game seed: 18158832872803175540

18077 MisterFreud the Carver (level 12, 0/104 HPs)
             Began as a Minotaur Fighter on Jan 10, 2021.
             Was an Initiate of Hepliaklqana.
             Slain by a komodo dragon (22 damage)
             ... on level 4 of the Lair of Beasts.
             The game lasted 00:19:27 (17347 turns).

MisterFreud the Carver (Minotaur Fighter)          Turns: 17347, Time: 00:19:28

Health: 0/104      AC: 21    Str: 24    XL:     12   Next: 24%
Magic:  11/11      EV:  8    Int:  8    God:    Hepliaklqana [......]
Gold:   173        SH: 18    Dex: 12    Spells: 11/11 levels left

rFire    + + +     SeeInvis .   K - +9 long sword of Wealth {holy, +Blink +Fly rF+++ Int-5}
rCold    . . .     Faith    .   c - +0 kite shield
rNeg     . . .     Spirit   .   J - +8 chain mail of Infinity {Int+2}
rPois    .         Reflect  +   (helmet restricted)
rElec    .         Harm     .   (no cloak)
rCorr    .         Rampage  .   (no gloves)
Will     .....                  b - +0 pair of boots
Stlth    ..........             H - amulet of reflection
HPRegen  0.27/turn              h - +4 ring of slaying
MPRegen  0.12/turn              o - +6 ring of intelligence

@: no status effects
A: retaliatory headbutt, reduced essence, horns 2, screaming 1, no stealth,
inability to use devices, disrupted magic 1, inexperienced 1, missing an eye
a: Renounce Religion, Recall Ancestor, Ancestor Identity


You were on level 4 of the Lair of Beasts.
You worshipped Hepliaklqana.
Hepliaklqana was noncommittal.
You visited 3 branches of the dungeon, and saw 17 of its levels.

You collected 996 gold pieces.
You spent 823 gold pieces at shops.

Inventory:

Hand Weapons
 A - a +5 long sword
 K - the +9 long sword of Wealth (weapon) {holy, +Blink +Fly rF+++ Int-5}
   (You found it on level 10 of the Dungeon)

   It has been blessed by the Shining One to cause great damage to the undead
   and demons.
   It affects your intelligence (-5).
   It renders you almost immune to fire.
   It lets you fly.
   It lets you blink.
 L - a +0 rapier
Armour
 b - a +0 pair of boots (worn)
 c - a +0 kite shield (worn)
 J - the +8 chain mail of Infinity (worn) {Int+2}
   (You bought it in a shop on level 9 of the Dungeon)

   It affects your intelligence (+2).
Jewellery
 a - an uncursed ring of fire
 h - a +4 ring of slaying (left hand)
 o - a +6 ring of intelligence (right hand)
 r - an uncursed ring of magical power
 v - an uncursed ring of protection from cold
 B - an uncursed ring of see invisible
 H - an amulet of reflection (around neck)
 I - a +6 ring of intelligence
 M - an uncursed amulet of the acrobat {unknown}
 N - an uncursed ring of ice {unknown}
Scrolls
 e - 8 scrolls of teleportation
 f - 4 scrolls of enchant weapon {unknown}
 j - 4 scrolls of immolation
 l - 7 scrolls of fog
 n - 9 scrolls of remove curse
 p - a scroll of blinking {unknown}
 s - a scroll of acquirement {unknown}
 x - 2 scrolls of enchant armour {unknown}
 y - a scroll of vulnerability {unknown}
 C - 3 scrolls of noise {unknown}
 F - 3 scrolls of identify
 G - 2 scrolls of amnesia {unknown}
Potions
 d - 4 potions of might
 g - a potion of brilliance
 i - 5 potions of lignification
 k - 2 potions of invisibility
 m - a potion of ambrosia
 q - 6 potions of curing
 t - 4 potions of mutation
 u - 3 potions of degeneration
 w - 2 potions of heal wounds
 z - 2 potions of magic
 D - 3 potions of attraction
 E - a potion of berserk rage
 O - 3 potions of flight {unknown}


   Skills:
 + Level 13.7 Fighting
 - Level 14.0 Long Blades
 - Level 10.0 Armour
 + Level 13.7 Shields


You had 11 spell levels left.
You didn't know any spells.
Your spell library contained the following spells:

 Spells                   Type           Power        Failure   Level
 Corona                   Hex            0%           97%         1
 Freeze                   Ice            0%           97%         1
 Shock                    Conj/Air       0%           97%         1
 Sting                    Tmut/Pois      0%           97%         1
 Summon Small Mammal      Summ           0%           97%         1
 Call Imp                 Summ           0%           99%         2
 Ensorcelled Hibernation  Hex/Ice        0%           99%         2
 Poisonous Vapours        Pois/Air       0%           99%         2
 Slow                     Hex            0%           99%         2
 Swiftness                Air            0%           99%         2
 Call Canine Familiar     Summ           0%           100%        3
 Confusing Touch          Hex            0%           100%        3
 Dazzling Flash           Conj/Hex       0%           100%        3
 Frozen Ramparts          Ice            0%           100%        3
 Ignite Poison            Fire/Tmut/Pois 0%           100%        3
 Inner Flame              Hex/Fire       0%           100%        3
 Mephitic Cloud           Conj/Pois/Air  0%           100%        3
 Ozocubu's Armour         Ice            0%           100%        3
 Portal Projectile        Hex/Tloc       0%           100%        3
 Static Discharge         Conj/Air       0%           100%        3
 Summon Guardian Golem    Hex/Summ       0%           100%        3
 Tukima's Dance           Hex            0%           100%        3
 Airstrike                Air            0%           100%        4
 Cause Fear               Hex            0%           100%        4
 Hailstorm                Conj/Ice       0%           100%        4
 Leda's Liquefaction      Hex/Erth       0%           100%        4
 Olgreb's Toxic Radiance  Pois           0%           100%        4
 Summon Ice Beast         Ice/Summ       0%           100%        4
 Summon Lightning Spire   Summ/Air       0%           100%        4
 Lightning Bolt           Conj/Air       0%           100%        5


Dungeon Overview and Level Annotations

Branches:
Dungeon (12/15)            Temple (1/1) D:6            Lair (4/6) D:9
 Shoals (0/4) Lair:2          Orc (0/2) D:9
  Snake: Lair:2-4    Spider: Lair:2-4

Altars:
Ashenzari
Cheibriados
Dithmenos
Elyvilon
Fedhas
Gozag
Hepliaklqana
Kikubaaqudgha
Makhleb
Nemelex Xobeh
Okawaru
Qazlal
Ru
Sif Muna
Trog
Uskayaw
Vehumet
Wu Jian
Xom
Yredelemnul
Zin
The Shining One

Shops:
D:4 (   D:9 [(


Innate Abilities, Weirdness & Mutations

You reflexively headbutt those who attack you in melee.
You have a pair of horns on your head.
You occasionally shout uncontrollably at your foes.
You cannot be stealthy.
You cannot study or use magical devices.
Your casting is slightly disrupted.
You are somewhat inexperienced. (-2 XL)
You are missing an eye, making it more difficult to aim.
Your life essence is reduced to manifest your ancestor. (-10% HP)


Message History

You block the komodo dragon's attack.
Unknown command.
Unknown command.
Unknown command.
You chop one of the 12-headed hydra's heads off!
The 11-headed hydra grows two more!
You slash the 13-headed hydra!
The 13-headed hydra is almost dead.
The 13-headed hydra bites you.
* * * LOW HITPOINT WARNING * * *
You block the 13-headed hydra's attack. x3
The 13-headed hydra bites you but does no damage.
The 13-headed hydra closely misses you.
The 13-headed hydra bites you but does no damage.
The 13-headed hydra barely misses you.
The 13-headed hydra bites you but does no damage. x2
The 13-headed hydra bites you.
* * * LOW HITPOINT WARNING * * *
The 13-headed hydra bites you but does no damage. x2
The komodo dragon bites you!!
You die...

..#..#.###..#.#..#.....#........#
...### ##...####........# ..##
##...# #........# ..# #..##
##.......P ..# . ##...# #........
..# ... ###....# #.......# ..
...P##.##..## #........ .
#.....#.l..#..#........#
.......@D....... ....[...........
####..###.....## #.. #.##..# #..
### ...# ##. .... . .# .P


You could see a 13-headed hydra and a komodo dragon.

Vanquished Creatures
  Erolcha (D:11)
  3 hydras
  A centaur warrior (D:9)
  4 death yaks (Lair:3)
  2 two-headed ogres (D:9)
  2 black mambas
  8 cane toads
  Joseph (D:7)
  3 komodo dragons
  A red devil (D:10)
  A polar bear (Lair:2)
  3 trolls
  Prince Ribbit (D:5)
  A slime creature (D:11)
  6 blink frogs (Lair:4)
  Grinder (D:4)
  A snapping turtle (Lair:2)
  Sigmund (D:5)
  4 wyverns
  12 yaks
  A basilisk (Lair:3)
  A vampire mosquito (D:9)
  Menkaure (D:4)
  An acid dragon (D:11)
  13 water moccasins
  4 orc warriors
  5 ice beasts
  A necrophage (D:8)
  10 phantoms
  2 sky beasts
  3 black bears
  3 ogres
  4 centaurs
  Blork the orc (D:4)
  13 bullfrogs
  A wyvern skeleton (D:11)
  4 scorpions
  7 killer bees
  4 wights (D:7)
  An electric eel (Lair:2)
  4 howler monkeys
  A bullfrog zombie (D:9)
  A centaur zombie (D:8)
  6 hounds
  8 orc priests
  A jelly (D:5)
  3 orc wizards
  3 bullfrog skeletons
  4 iguanas
  Jessica (D:2)
  Natasha (twice) (D:2)
  3 worker ants
  A howler monkey skeleton (D:11)
  Robin (D:3)
  6 gnolls
  10 adders
  2 shadow imps
  A white imp (D:8)
  2 ufetubi
  An ooze (D:3)
  An adder zombie (D:5)
  3 adder skeletons
  3 worms
  4 dart slugs
  A leopard gecko (D:7)
  38 orcs
  9 giant cockroaches
  17 goblins
  13 hobgoblins
  11 jackals
  4 quokkas
  2 ball pythons
  6 bats
  4 frilled lizards
  A jackal skeleton (D:2)
  6 kobolds
  A leopard gecko zombie (D:8)
  A quokka skeleton (D:7)
  9 rats
332 creatures vanquished.

Vanquished Creatures (others)
  A vampire mosquito (D:8)
  An ancestor (Lair:4)
  A leopard gecko (D:5)
  An orc (D:5)
  A giant cockroach (D:5)
  A jackal (D:5)
  15 fungi
  14 plants
35 creatures vanquished.

Grand Total: 367 creatures vanquished

Notes
Turn   | Place    | Note
-------+----------+-------------------------------------------
     0 | D:1      | MisterFreud the Minotaur Fighter began the quest for the
                  | Orb.
     0 | D:1      | Reached XP level 1. HP: 19/19 MP: 0/0
    65 | D:1      | Reached XP level 2. HP: 28/28 MP: 1/1
   500 | D:1      | Reached skill level 5 in Fighting
   597 | D:2      | Noticed Jessica
   601 | D:2      | Noticed a phantom
   610 | D:2      | Reached XP level 3. HP: 32/36 MP: 2/2
   656 | D:2      | Killed Jessica
   704 | D:2      | Killed a phantom
   705 | D:2      | Reached XP level 4. HP: 9/47 MP: 3/3
   705 | D:2      | Reached XP level 5. HP: 10/52 MP: 4/4
  1104 | D:2      | Found a shadowy altar of Dithmenos.
  1150 | D:2      | Noticed Natasha
  1159 | D:2      | Killed Natasha
  1745 | D:2      | Noticed Natasha
  1748 | D:2      | Killed Natasha
  2312 | D:3      | Reached XP level 6. HP: 61/61 MP: 5/5
  2353 | D:3      | Noticed Robin
  2358 | D:3      | Killed Robin
  2446 | D:3      | Found an ornate altar of the Wu Jian Council.
  2450 | D:3      | Found a sacrificial altar of Ru.
  2451 | D:3      | Found a bloodstained altar of Trog.
  2500 | D:3      | Became a worshipper of Ru the Awakened
  2702 | D:4      | Found Bala's Weapon Emporium.
  2750 | D:4      | Noticed Menkaure
  2760 | D:4      | Killed Menkaure
  3093 | D:4      | Noticed Blork the orc
  3109 | D:4      | Killed Blork the orc
  3110 | D:4      | Reached XP level 7. HP: 34/71 MP: 6/6
  3321 | D:4      | Reached skill level 10 in Fighting
  3392 | D:4      | Noticed Grinder
  3398 | D:4      | Paralysed by Grinder for 3 turns
  3401 | D:4      | Killed Grinder
  3402 | D:4      | Reached skill level 3 in Long Blades
  3569 | D:4      | Reached skill level 4 in Long Blades
  3675 | D:5      | Entered Level 5 of the Dungeon
  3777 | D:5      | Noticed Sigmund
  3780 | D:5      | Reached skill level 5 in Armour
  3805 | D:5      | Killed Sigmund
  3806 | D:5      | Reached skill level 5 in Long Blades
  3806 | D:5      | Reached XP level 8. HP: 30/79 MP: 7/7
  4058 | D:5      | Found an opulent altar of Gozag.
  4112 | D:5      | Gained mutation: Your casting is slightly disrupted. [Ru
                  | sacrifice]
  4419 | D:5      | Noticed Prince Ribbit
  4432 | D:5      | Killed Prince Ribbit
  4433 | D:5      | Reached skill level 6 in Long Blades
  4579 | D:5      | Reached skill level 7 in Long Blades
  4748 | D:5      | Reached XP level 9. HP: 85/85 MP: 8/8
  4784 | D:5      | Found a shimmering altar of Xom.
  5043 | D:6      | Reached skill level 8 in Long Blades
  5837 | D:6      | Reached skill level 9 in Long Blades
  5853 | D:6      | Found a staircase to the Ecumenical Temple.
  6329 | D:7      | Noticed Joseph
  6336 | D:7      | Killed Joseph
  6337 | D:7      | Reached skill level 10 in Long Blades
  6337 | D:7      | Reached skill level 10 in Armour
  6511 | D:7      | Gained mutation: You cannot be stealthy. [Ru sacrifice]
  6511 | D:7      | Reached * piety under Ru
  6780 | D:8      | Noticed a troll
  7022 | D:8      | Reached skill level 11 in Long Blades
  7226 | D:8      | Found a hide-covered altar of Uskayaw.
  7316 | D:8      | Killed a troll
  7317 | D:8      | Reached XP level 10. HP: 73/93 MP: 9/9
  7600 | D:8      | Reached skill level 12 in Long Blades
  8266 | D:9      | Noticed a two-headed ogre
  8272 | D:9      | Killed a two-headed ogre
  8273 | D:9      | Reached skill level 13 in Long Blades
  8472 | D:9      | Found a staircase to the Lair.
  8478 | D:9      | Found Naluruzxi's Armour Shoppe.
  8487 | D:9      | Found a staircase to the Orcish Mines.
  8499 | D:9      | Found Xushrud's Weapon Shoppe.
  8510 | D:9      | Noticed a two-headed ogre
  8520 | D:9      | Killed a two-headed ogre
  8521 | D:9      | Reached skill level 14 in Long Blades
  8971 | D:9      | Reached skill level 5 in Shields
  9070 | D:9      | Found a shadowy altar of Dithmenos.
  9316 | D:9      | Gained mutation: You are somewhat inexperienced. (-2 XL)
                  | [Ru sacrifice]
  9316 | D:9      | Reached XP level 9. HP: 85/85 MP: 8/8
  9316 | D:9      | Reached XP level 8. HP: 79/79 MP: 7/7
  9316 | D:9      | Reached ** piety under Ru
  9316 | D:9      | Reached *** piety under Ru
  9318 | D:9      | Noticed a centaur warrior
  9327 | D:9      | Killed a centaur warrior
  9328 | D:9      | Reached XP level 9. HP: 66/85 MP: 8/8
  9488 | D:10     | Entered Level 10 of the Dungeon
  9871 | D:10     | Noticed a red devil
 10554 | D:10     | Noticed an orange demon
 10557 | D:10     | Noticed a rust devil
 10557 | D:10     | Found an ancient bone altar of Kikubaaqudgha.
 10558 | D:10     | Killed a red devil
 10791 | D:11     | Reached XP level 10. HP: 33/93 MP: 9/9
 11166 | D:11     | Noticed Erolcha
 11187 | D:11     | Killed Erolcha
 11402 | D:11     | Reached skill level 10 in Shields
 11406 | D:11     | Gained mutation: You cannot study or use magical devices.
                  | [Ru sacrifice]
 11406 | D:11     | Reached **** piety under Ru
 11406 | D:11     | Reached ***** piety under Ru
 11537 | D:12     | Noticed a skeletal warrior
 11538 | D:12     | Noticed a deep elf mage
 11544 | D:12     | Noticed a skeletal warrior
 11962 | D:10     | Got a bloodstained long sword
 11963 | D:10     | Lost intelligence.
 11963 | D:10     | Identified the +9 long sword of Wealth {holy, +Blink +Fly
                  | rF+++ Int-5} (You found it on level 10 of the Dungeon)
 12114 | Lair:1   | Entered Level 1 of the Lair of Beasts
 12114 | Lair:1   | Noticed a cane toad
 12121 | Lair:1   | Killed a cane toad
 12274 | Lair:1   | Noticed a cane toad
 12282 | Lair:1   | Killed a cane toad
 12320 | Lair:1   | Noticed a black mamba
 12328 | Lair:1   | Killed a black mamba
 12332 | Lair:1   | Noticed a six-headed hydra
 12339 | Lair:1   | Noticed a cane toad
 12346 | Lair:1   | Killed a cane toad
 12841 | Lair:1   | Killed an 18-headed hydra
 12842 | Lair:1   | Reached XP level 11. HP: 59/102 MP: 10/10
 14194 | Lair:2   | Gained mutation: You occasionally shout uncontrollably at
                  | your foes. [Ru sacrifice]
 14693 | Lair:2   | Found a staircase to the Shoals.
 14921 | Lair:3   | Noticed a six-headed hydra
 14942 | Lair:3   | Killed a 19-headed hydra
 15458 | D:9      | Bought the +8 chain mail of Infinity {Int+2} for 779 gold
                  | pieces
 15650 | D:4      | Bought a +0 rapier for 44 gold pieces
 15875 | Lair:3   | Noticed a death yak
 15876 | Lair:3   | Noticed a death yak
 15876 | Lair:3   | Noticed a death yak
 15876 | Lair:3   | Noticed a death yak
 15898 | Lair:3   | Killed a death yak
 15903 | Lair:3   | Killed a death yak
 15913 | Lair:3   | Killed a death yak
 15920 | Lair:3   | Killed a death yak
 15921 | Lair:3   | Reached XP level 12. HP: 103/115 MP: 11/11
 16531 | Lair:4   | Noticed a seven-headed hydra
 16538 | Lair:4   | Killed an eight-headed hydra
 16720 | Lair:4   | Gained mutation: You are missing an eye, making it more
                  | difficult to aim. [Ru sacrifice]
 16720 | Lair:4   | Reached ****** piety under Ru
 16869 | Lair:4   | Noticed a six-headed hydra
 17008 | Temple   | Entered the Ecumenical Temple
 17175 | Temple   | Fell from the grace of Ru
 17175 | Temple   | Became a worshipper of Hepliaklqana the Forgotten
 17347 | Lair:4   | Slain by a komodo dragon

Illustrated notes

Levels and vault maps discovered:
D:1:      minmay_arrival_open_corners, layout_basic
D:2:      layout_basic, minivault_27, minmay_misc_feat_hallway,
          nicolae_dithmenos_shadow_blocks, uniq_jessica, uniq_natasha
D:3:      layout_basic, chequers_temple_overflow_statue_of_worship,
          chequers_serial_rivers_micro_e, uniq_robin
D:4:      layout_cave_pools, serial_shops, shop, uniq_blork_the_orc,
          uniq_menkaure, uniq_grinder
D:5:      layout_basic, xom_confusion_cloud,
          nicolae_gozag_cash_rules_everything_around_me, uniq_sigmund,
          uniq_prince_ribbit1
D:6:      layout_loops_ring, temple_doors_e, minmay_crystal_water
D:7:      layout_cave_pools, uniq_joseph
D:8:      minmay_opposing_rooms, layout_rooms, eat_drink_and_be_merry_uskayaw
D:9:      minmay_chambers_of_sixes, layout_basic, marbit_many_paths,
          dpeg_oklobed_lair, orc_david_3
D:10:     layout_grid_maze, lemuel_hellish_altar
D:11:     layout_cross, uniq_erolcha
D:12:     minmay_the_grid_triangle_9x9_recursive_2
          [minmay_the_grid_triangle_9x9_prize_insulated,
          minmay_the_grid_triangle_9x9_from_above,
          minmay_the_grid_triangle_9x9_negative_grid,
          minmay_the_grid_triangle_9x9_fully_insulated_deathbox], layout_basic
Temple:   regret_index_temple_sphere_string
Lair:1:   layout_chaotic_city
Lair:2:   layout_misc_corridors, minmay_shoals_entry_hut,
          infiniplex_staircase_pool, grunt_megastairs_3
Lair:3:   layout_cave_pods, grunt_forest_stairs_basic, st_stairs_5,
          serial_bayou_pond_e
Lair:4:   cheibrodos_lair_river_kwai, layout_small_grid,
          minmay_snake_entry_spellcaster, grunt_megastairs_2

Skill      XL: |  1  2  3  4  5  6  7  8  9 10 11 |
---------------+----------------------------------+-----
Fighting       | 4 5 7 8 9 10 11 13 | 13.7
Long Blades    | 5 7 11 14 | 14.0
Armour         | 5 8 10 | 10.0
Shields        | 7 8 11 13 | 13.7

Action                   |  1- 3 |  4- 6 |  7- 9 | 10-12 || total
-------------------------+-------+-------+-------+-------++-------
Melee: Long sword        |    71 |   126 |   353 |   429 ||   979
       Headbutt          |    10 |    25 |    87 |    96 ||   218
Invok: Sacrifice Essence |       |       |     1 |       ||     1
       Sacrifice Experie |       |       |     1 |       ||     1
       Sacrifice Stealth |       |       |     1 |       ||     1
       Sacrifice Artific |       |       |       |     1 ||     1
       Sacrifice Purity  |       |       |       |     1 ||     1
       Sacrifice an Eye  |       |       |       |     1 ||     1
  Use: Potion            |     2 |       |       |     2 ||     4
       Scroll            |       |       |    12 |     2 ||    14
 Stab: Paralysed         |       |       |       |     3 ||     3
       Distracted        |       |       |       |     2 ||     2
       Invisible         |       |       |       |     2 ||     2
Armor: Scale mail        |    19 |    41 |   111 |    69 ||   240
       Skin              |       |       |       |   140 ||   140
       Chain mail        |       |       |       |    33 ||    33
Dodge: Dodged            |    18 |    39 |    94 |    80 ||   231
Block: Kite shield       |    35 |    63 |   161 |   255 ||   514
       Rpst.: Long sword |     5 |    11 |    23 |    17 ||    56
